 Dungeon Sprint DCSS version 0.17-a0-1181-gabc46e6 (webtiles) character file.

67 Kidiri the Cudgeler (level 3, -2/60 HPs)
             Began as a Troll Berserker on May 31, 2015.
             Was a Priest of Trog.
             Slain by a water elemental (10 damage)
             ... in the Dungeon (Sprint III: "The Ten Rune Challenge").
             The game lasted 00:02:06 (202 turns).

Kidiri the Cudgeler (Troll Berserker)                Turns: 202, Time: 00:02:06

Health: -2/60      AC:  5    Str: 31    XL:     3   Next: 98%
Magic:  2/2        EV: 10    Int:  3    God:    Trog [***...]
Gold:   26         SH:  0    Dex:  9    Spells: 0 memorised, 2 levels left

rFire  . . .     SeeInvis .     a - +0 mace
rCold  . . .     Clarity  .     b - +0 animal skin
rNeg   . . .     SustAt   .     (no shield)
rPois  .         Gourm    +     (helmet restricted)
rElec  .         Spirit   .     (no cloak)
rCorr  .         Warding  .     (gloves unavailable)
rMut   .         NoTele   +     (boots unavailable)
MR     .....                    (no amulet)
Stlth  ..........               (no ring)
                                (no ring)

@: berserking (expiring), very quick, not resistant to hostile enchantments,
extremely unstealthy
A: unfitting armour, claws 3, fast metabolism 3, gourmand, regeneration 2,
shaggy fur 1, tough skin 2
a: Burn Spellbooks, Berserk, Trog's Hand, Renounce Religion


You were in the Dungeon.
You worshipped Trog.
Trog was most pleased with you.
You were not hungry.

You visited 1 branch You collected 26 gold pieces.

Inventory:

Hand weapons
 a - a +0 mace (weapon)
Armour
 b - a +0 animal skin (worn)
Scrolls
 i - a scroll of blinking
 k - a scroll of immolation {unknown}
 l - 2 scrolls of identify
 m - 5 scrolls of remove curse
 q - a scroll of holy word {unknown}
Potions
 d - a potion of curing
 e - a potion of heal wounds
 f - a potion of haste
 g - 2 potions of magic
 h - a potion of berserk rage
 o - 3 potions of cure mutation
Comestibles
 c - 2 bread rations
 n - 2 royal jellies


   Skills:
 * Level 4.6 Fighting
 * Level 5.3 Maces & Flails
 + Level 3.6 Dodging


You had 2 spell levels left.
You didn't know any spells.

Dungeon Overview and Level Annotations

Branches:
Dungeon (1/1)

Altars:


Innate Abilities, Weirdness & Mutations

You are too large for most types of armour.
You have claws for hands.
Your metabolism is lightning-fast.
You like to eat raw meat.
You heal very quickly.
You are covered in fur (AC +1).
You have very tough skin (AC +2).


Message History

Your lungs strain for air!
The water elemental barely misses you.
You barely miss the water elemental.
The water elemental is moderately damaged.
Your lungs strain for air!
The water elemental hits you.
You sock the water elemental!
The water elemental is heavily damaged.
* * * LOW HITPOINT WARNING * * *
Your lungs strain for air!
The water elemental hits you.
* * * LOW HITPOINT WARNING * * *
You hit the water elemental.
The water elemental is heavily damaged.
* * * LOW HITPOINT WARNING * * *
Your lungs strain for air!
With effort, you pull free of the water engulfing you.
You gasp with relief as air once again reaches your lungs.
The water elemental hits you!
You die...

▓▓▓▓▓▓▓▓▓▓▓ ▓▓▓
<.#..'....♣ ♣.#
..#..#....♣ ♣.#
#'####....♣♣ ♣.#
.....#....≈♣♣♣♣♣.# #+#+#
÷....#...≈≈♣♣.♣♣@#......
....(#..≈≈≈≈♣.♣..E.⌠....
####'#..≈≈≈≈≈≈.♣.#...###
)....#.≈≈≈≈≈≈....#.⌠.#
.....#.≈≈≈≈≈.....# ..#
.....#.≈≈≈.......# ###
'#####...........#
.................#
▓▓▓▓▓▓▓▓▓▓▓▓▓▓▓▓▓▓


You could see a water elemental.

Vanquished Creatures
  A scorpion (D)
  A human (D)
  4 rats (D)
6 creatures vanquished.

Vanquished Creatures (others)
  A yaktaur (D)
1 creature vanquished.

Grand Total: 7 creatures vanquished

Notes
Turn   | Place    | Note
--------------------------------------------------------------
     0 | D        | Kidiri the Troll Berserker began the quest for the Orb.
     0 | D        | Reached XP level 1. HP: 22/22 MP: 0/0
     9 | D        | Reached skill level 3 in Maces & Flails
    23 | D        | Killed a yaktaur
    24 | D        | Acquired Trog's second power
    51 | D        | Noticed a scorpion
    62 | D        | Killed a scorpion
    62 | D        | Reached skill level 4 in Fighting
    62 | D        | Reached XP level 2. HP: 22/33 MP: 1/1
    62 | D        | Reached XP level 3. HP: 26/40 MP: 2/2
    79 | D        | Gained mutation: You are partially covered in large bone plates (AC +2, SH +2). [potion of mutation]
    79 | D        | Gained mutation: Your mind is acute. (Int +2) [potion of mutation]
    80 | D        | Gained mutation: Scrolls take you a little longer to read. [potion of mutation]
    80 | D        | Gained mutation: Your body sometimes deteriorates upon taking damage. [potion of mutation]
    80 | D        | Gained mutation: You are clumsy. (Dex -2) [potion of mutation]
    83 | D        | Lost mutation: You are partially covered in large bone plates (AC +2, SH +2). [potion of cure mutation]
    83 | D        | Lost mutation: Your body sometimes deteriorates upon taking damage. [potion of cure mutation]
    83 | D        | Lost mutation: You are clumsy. (Dex -2) [potion of cure mutation]
    83 | D        | Lost mutation: Your mind is acute. (Int +2) [potion of cure mutation]
    83 | D        | Lost mutation: Scrolls take you a little longer to read. [potion of cure mutation]
   148 | D        | Reached skill level 5 in Maces & Flails
   191 | D        | Noticed a water elemental
   202 | D        | Slain by a water elemental

Vault maps used:
D:        dungeon_sprint_mu

Action                   || total
-------------------------++-------
Melee: Mace              ||    32
Invok: Berserk           ||     3
  Use: Potion            ||     5
  Eat: Chunk             ||     5
